[Event "Gibraltar Challengers B 2020"]
[Site "Caleta"]
[Date "2020.01.29"]
[Round "5.34"]
[White "Wang, Cong"]
[Black "Garcia-Blazquez Perez, Manuel"]
[Result "1-0"]
[ECO "B22"]
[WhiteElo "1975"]
[BlackElo "1825"]
[Annotator "NA RC"]
[PlyCount "93"]
[EventDate "2020.01.20"]
[EventType "swiss"]
[EventCountry "GGB"]
[SourceTitle "playchess.com"]
[Source "ChessBase"]
[SourceQuality "1"]
[TimeControl "6600+10"]

1. e4 c5 2. c3 d5 3. exd5 Qxd5 4. d4 cxd4 5. cxd4 e5 6. dxe5 Qxd1+ {[%emt 0:00:06] B22: Sicilian: 2 c3} 7. Kxd1 Nc6 8. Bb5 (8. Nf3 Bg4 9. Be2 O-O-O+ 10. Bd2 Bxf3 11. gxf3 Nxe5 12. Kc2 Bc5 13. Be3 Bxe3 14. fxe3 Ne7 15. f4 N5c6 16. Nc3 Nb4+ 17. Kb3 Nbd5 18. Bg4+ Kb8 19. Rhe1 f5 20. Bf3 Nxc3 21. Kxc3 Rd6 {½-½ (21) Jerez Perez,A (2397)-Munoz Pantoja,M (2452) Mollet del Valles 2016}) 8... Bg4+ 9. Ke1 $146 ({Predecessor:} 9. Nf3 O-O-O+ 10. Ke1 Nxe5 11. Be2 Nd3+ 12. Bxd3 Rxd3 13. Ke2 Rd8 14. Nc3 {1-0 (44) Sustek,A (1472)-Nespora,T (1290) Kouty nad Desnou 2018}) 9... O-O-O 10. Nc3 Nd4 11. Ba4 b5 12. Bb3 $1 a5 13. Be3 Bb4 14. Bxd4 Rxd4 15. f3 a4 {[%emt 0:05:16] [#]} (15... Be6 $16 {keeps fighting.}) 16. Nge2 $1 ({Much less strong is} 16. fxg4 $6 axb3 17. axb3 Kb7 $16) ({Not} 16. Bxf7 Nh6 $16) 16... Rd7 17. Bc2 Be6 18. a3 Ba5 19. Rd1 Rc7 ({Black should play} 19... Ne7) 20. Rd6 b4 (20... Ne7 $16) 21. axb4 Bxb4 22. Rb6 Bc5 23. Ra6 a3 $2 (23... Ra7 $16 24. Rxa7 (24. Rxa4 Rxa4 25. Bxa4 Ne7 $16) 24... Bxa7) 24. bxa3 (24. Ra8+ $142 Kb7 25. Be4+ Rc6 26. Bxc6+ (26. bxa3 Kxa8 27. Bxc6+ Ka7 $16) 26... Kxc6 27. bxa3) 24... Kb7 25. Ra4 Ne7 26. Nb5 Bf2+ $2 (26... Rd7 27. Nec3 Rb8) 27. Kxf2 Rxc2 28. Nbd4 $2 (28. Rb1 Ba2 29. Nd6+ {[%mdl 64] Discovered Attack (Double check)} Kc6 30. Ra6+ Kd7 31. Rb7+ Rc7 32. Rxc7+ Kxc7 33. Ra7+ Kc6 34. Rxe7) 28... Rb2 29. Nxe6 fxe6 30. Rb4+ Rxb4 31. axb4 Nc6 32. f4 Rf8 33. Ke3 g5 34. Ke4 ({Less strong is} 34. fxg5 Rf5 $18) 34... Kb6 35. Rd1 gxf4 36. Rd6 Kc7 37. Rxe6 Nxb4 38. Nxf4 Kd7 39. Rh6 Na2 40. Rxh7+ Kc6 41. e6 Nc3+ 42. Ke5 Nb5 43. e7 Re8 44. Nd5 Nc7 45. Nxc7 Kxc7 46. Ke6 Kc8 47. Rf7 1-0

[Event "Gibraltar Challengers B 2020"]
[Site "Caleta"]
[Date "2020.01.29"]
[Round "5.35"]
[White "Fabregas, Oliver"]
[Black "Olufemi, George"]
[Result "1-0"]
[ECO "E60"]
[WhiteElo "1951"]
[BlackElo "1803"]
[Annotator "NA RC"]
[PlyCount "79"]
[EventDate "2020.01.20"]
[EventType "swiss"]
[EventCountry "GGB"]
[SourceTitle "playchess.com"]
[Source "ChessBase"]
[SourceQuality "1"]
[TimeControl "6600+10"]

1. Nf3 g6 2. g3 Bg7 3. d4 c5 4. Bg2 cxd4 5. Nxd4 Nc6 6. Nb3 Nf6 7. c4 d6 8. Nc3 O-O 9. O-O Be6 {[%emt 0:02:52] E60: King's Indian: Unusual lines and Fianchetto Variation without Nc3} 10. Nd5 (10. c5 d5 11. Bg5 Rc8 12. Bxf6 Bxf6 13. Nxd5 Bxb2 14. Rb1 Bg7 15. e4 Bd7 16. Re1 e6 17. Ne3 Qc7 18. Nc4 Rb8 19. e5 b5 20. cxb6 axb6 21. Rc1 Qa7 22. Nd4 Nxd4 23. Qxd4 {½-½ (23) Nikolic,P (2620)-Rodshtein,M (2664) Germany 2013}) 10... Nd7 11. Rb1 Rc8 12. f4 $146 ({Predecessor:} 12. Nd2 a5 13. b3 Nc5 14. Bb2 Nb4 15. Bxg7 Kxg7 16. Nc3 Bf5 17. Rc1 {1-0 (32) Swiech,P (2176)-Mazalon,M (1983) Jastrzebia Gora 2019}) 12... Nb6 13. Nd2 Nd4 14. e3 Nf5 15. Qe2 (15. Qb3 $11 {keeps the balance.}) 15... h5 16. Be4 Nd7 17. b3 Nc5 18. Bf3 Bd7 ({Black should try} 18... Re8 $15) 19. Bb2 e5 (19... Bxb2 $11 20. Rxb2 e6) 20. Rfd1 Qe8 (20... Ne7 $11) 21. Re1 Bc6 22. Ba3 e4 23. Bg2 Bxd5 $1 24. cxd5 Qe7 25. Bxc5 dxc5 26. Kh1 Nd6 27. Rbc1 b6 28. Rc2 Rfe8 29. Rec1 Qb7 30. Rd1 {[%emt 0:02:09] [#]} Qd7 (30... b5 $1 $17) 31. Qa6 Rc7 32. a4 Qg4 (32... h4 $5) 33. Qf1 h4 (33... Qd7 $11) 34. Bh3 Qh5 35. g4 Qh8 36. Rdc1 Bb2 37. Rb1 Bc3 38. Nc4 Rd8 39. Rbc1 Bb2 $18 (39... Bg7 $16 {is more resistant.}) 40. Nxb2 1-0

[Event "Gibraltar Challengers B 2020"]
[Site "Caleta"]
[Date "2020.01.29"]
[Round "5.37"]
[White "Gonzalvez Tamarit, Ivan"]
[Black "Lee, Alexandre KM"]
[Result "1-0"]
[ECO "E62"]
[WhiteElo "1918"]
[BlackElo "1557"]
[Annotator "NA RC"]
[PlyCount "75"]
[EventDate "2020.01.20"]
[EventType "swiss"]
[EventCountry "GGB"]
[SourceTitle "playchess.com"]
[Source "ChessBase"]
[SourceQuality "1"]
[TimeControl "6600+10"]

1. d4 Nf6 2. Nf3 g6 3. c4 Bg7 4. g3 O-O 5. Bg2 d6 6. O-O c6 7. Nc3 Qa5 8. e4 Qh5 9. Qd3 {[%emt 0:07:30] E62: King's Indian: Fianchetto: 6...c6 and Panno Variation (6...Nc6) without ...a6} (9. Qb3 e5 10. d5 Na6 11. Ne1 cxd5 12. cxd5 Nc5 13. Qc2 Bd7 14. f3 Rac8 15. Nd3 Na4 16. Be3 b6 {1-0 (54) Matlakov,M (2700)-Fedoseev,V (2719) St Petersburg 2018}) 9... Bh3 10. Ne2 Bxg2 11. Kxg2 Qa5 12. h3 $146 ({Predecessor:} 12. Bd2 Qc7 13. Bf4 Nh5 14. Bg5 h6 15. Be3 e5 16. dxe5 dxe5 {1-0 (43) Quispe Arteaga,G (2196)-Pedchenko,A (1756) Padron 2016}) 12... Nfd7 13. Bd2 Qc7 14. Bc3 e5 15. b4 b6 16. Rfd1 c5 (16... Re8 $14) 17. dxc5 dxc5 18. Qd5 (18. b5 $16 a6 19. a4) 18... Nf6 $1 19. Qxe5 Qxe5 20. Bxe5 Nxe4 21. Bxg7 Kxg7 22. b5 Nf6 23. Rd3 Re8 24. Nf4 Nbd7 25. a4 a5 26. Rad1 h6 27. Rxd7 Nxd7 28. Rxd7 Rad8 {[%emt 0:04:49] [#]} 29. Ne6+ $1 {[%emt 0:02:20] Pin} Rxe6 30. Rxd8 Kf6 31. Rc8 Ke7 32. Rc7+ Ke8 $18 33. Rc6 Kd7 34. Rxe6 Kxe6 35. Nd2 Ke5 36. Nb3 Kd6 37. Kf3 f6 38. g4 {[%emt 0:00:55] Kd5} 1-0

[Event "Gibraltar Challengers B 2020"]
[Site "Caleta"]
[Date "2020.01.29"]
[Round "5.38"]
[White "Li, Max J"]
[Black "Ruiz Buendia, Miguel"]
[Result "1-0"]
[ECO "B70"]
[WhiteElo "2078"]
[BlackElo "1917"]
[Annotator "NA"]
[PlyCount "137"]
[EventDate "2020.01.20"]
[EventType "swiss"]
[EventCountry "GGB"]
[SourceTitle "playchess.com"]
[Source "ChessBase"]
[SourceQuality "1"]
[TimeControl "6600+10"]

1. e4 c5 2. Nf3 d6 3. d4 cxd4 4. Nxd4 Nf6 5. Nc3 g6 6. Bb5+ Bd7 7. Bxd7+ Qxd7 8. O-O Bg7 9. Re1 O-O {[%emt 0:01:15] B70: Sicilian Dragon: 6 g3 and 6 Be2 (without a later Be3)} (9... Nc6 10. Nf3 h6 11. Nd5 g5 12. c3 e6 13. Nxf6+ Bxf6 14. Be3 g4 15. Nd4 Ne5 16. Qe2 h5 17. Rad1 {1-0 (30) Gaede,D (2318)-Mueer,S (2188) Hamburg 2019}) 10. Bg5 Rc8 $146 ({Predecessor:} 10... Rd8 11. Nd5 Nxd5 12. exd5 Re8 13. c3 Na6 14. Qd2 Nc7 15. c4 Rab8 16. Bh6 Bh8 17. h3 {0-1 (43) Lindstad,L (1433)-Van Foreest,M (2135) Riga 2018}) 11. Nd5 Nc6 12. Nxf6+ exf6 13. Be3 Ne5 14. Bf4 a6 15. c3 Rd8 16. Qd2 d5 17. b3 Rac8 18. Rad1 {[%emt 0:02:32] [#]} b5 ({Black should play} 18... dxe4 $1 $17 19. Rxe4 Qg4) 19. Bh6 Bh8 {[%emt 0:20:32] [#]} 20. exd5 $1 Ng4 21. Nc6 Re8 22. Rxe8+ Rxe8 23. Bf4 Ne5 24. Nb4 a5 25. Nc2 f5 26. Ne3 Qd6 27. c4 Nf3+ 28. gxf3 Qxf4 29. Ng2 Qxf3 30. Qd3 $2 (30. cxb5 $18 f4 31. d6 (31. Nxf4 $2 Bc3 $19)) 30... Qg4 $2 (30... Qxd3 $1 $15 31. Rxd3 bxc4 32. bxc4 Re4) 31. h3 ({Resist} 31. cxb5 $6 f4 $16) 31... bxc4 32. hxg4 $2 ({White must play} 32. bxc4 $18 Qe4 33. d6) 32... cxd3 33. gxf5 g5 34. Rxd3 Kf8 35. d6 Rd8 36. Ne3 Be5 {[%emt 0:01:47] [#]} 37. Nc4 $1 Bf4 38. Nxa5 Bxd6 39. Kg2 Bc7 40. Rxd8+ Bxd8 41. Nc6 Bc7 42. a4 Ke8 {[%emt 0:00:22] [#]} 43. b4 $1 Kd7 44. b5 Kc8 45. a5 Kb7 46. a6+ Kb6 47. Nd4 Bd6 48. Nf3 f6 (48... Bf4 $16) 49. Nd4 h5 50. f3 Bc5 {[%emt 0:00:50] [#]} (50... Bb8 $16) 51. Ne6 $1 ({But not} 51. Nc6 $6 Kc7 $11) 51... Be3 {[%emt 0:00:33] [#]} 52. Ng7 $1 h4 53. Ne8 Bd4 54. Nd6 Bc5 55. Ne4 Bd4 56. Nd6 (56. Kh2 $16) 56... Bc5 $1 57. Nc8+ Kc7 58. a7 Kb7 59. b6 Bb4 (59... Ka8 $1 $11) 60. Kh3 Ba3 $2 {[%emt 0:00:20] [#]} (60... Bc5 $16) 61. Kg4 $2 (61. f4 $1 $18 {[%cal Rf4g5][%mdl 512] is the precise move to win.} gxf4 62. Kxh4) 61... Bb4 $2 (61... Bc5 $14) 62. f4 Bf8 63. fxg5 fxg5 64. f6 Bc5 65. Ne7 Ka8 66. Nd5 Kb7 67. Nc7 h3 68. a8=Q+ Kxb6 69. Nd5+ 1-0

[Event "Gibraltar Challengers B 2020"]
[Site "Caleta"]
[Date "2020.01.29"]
[Round "5.39"]
[White "O`neil, Jim"]
[Black "Kurzok, Zenon"]
[Result "1-0"]
[ECO "B01"]
[WhiteElo "1870"]
[BlackElo "1702"]
[Annotator "NA RC"]
[PlyCount "75"]
[EventDate "2020.01.20"]
[EventType "swiss"]
[EventCountry "GGB"]
[SourceTitle "playchess.com"]
[Source "ChessBase"]
[SourceQuality "1"]
[TimeControl "6600+10"]

1. e4 d5 2. exd5 Nf6 3. Bc4 Bg4 4. f3 Bf5 5. Nc3 c6 6. dxc6 Nxc6 7. Nge2 Qb6 {[%emt 0:00:29] B01: Scandinavian Defence} 8. d3 e6 (8... O-O-O 9. Bd2 Ne5 10. Ng3 Nxc4 11. Nxf5 Qe6+ 12. Qe2 Nxd2 {½-½ (13) Chapman,M (1937)-Chandler,C (2281) Fareham 2019}) 9. Bd2 Be7 $146 ({Predecessor:} 9... Rd8 10. Na4 Qc7 11. Nac3 Bc5 12. Ng3 Bg6 13. Nce4 Nxe4 14. Nxe4 Bb6 15. Bc3 {1-0 (42) Reinemann,G (1789)-Brandt,J (1601) Binz 2015}) 10. Na4 Qd8 11. O-O O-O 12. Bb3 Rc8 13. Ng3 Bg6 14. Nc3 Bc5+ 15. Kh1 Nd4 16. Nce4 Bb6 17. Bb4 Nxb3 18. axb3 Nd5 $1 19. Bxf8 Ne3 20. Qb1 Nxf1 21. Qxf1 Qxf8 22. c3 Qd8 23. Qe2 a6 24. d4 h5 25. b4 h4 26. Nf1 Bc7 27. Nc5 Rb8 28. Re1 Qg5 29. Ne4 Qh5 30. Qf2 ({White should play} 30. Ne3 $16) 30... h3 31. g4 Qd5 32. Nfd2 (32. Ne3 $16 Qb5 33. Qf1) 32... Qa2 33. Nf1 Bf4 34. Nfg3 Re8 35. Nh5 $14 (35. Ne2 $16 Bb8 36. Nc1) 35... Bb8 36. f4 Qd5 37. Qf3 f5 38. Nef6+ 1-0

[Event "Gibraltar Challengers B 2020"]
[Site "Caleta"]
[Date "2020.01.29"]
[Round "5.41"]
[White "Nergard, Ole-Kristian"]
[Black "Lafour, Jephte"]
[Result "0-1"]
[ECO "B01"]
[WhiteElo "1667"]
[BlackElo "1690"]
[Annotator "NA RC"]
[PlyCount "119"]
[EventDate "2020.01.20"]
[EventType "swiss"]
[EventCountry "GGB"]
[SourceTitle "playchess.com"]
[Source "ChessBase"]
[SourceQuality "1"]
[TimeControl "6600+10"]

1. e4 d5 2. exd5 Qxd5 3. d4 Nf6 4. c4 Qd8 5. Nf3 Bg4 6. Be2 e6 7. O-O Be7 8. Nc3 c6 9. Be3 O-O 10. h3 Bf5 11. Nh4 Be4 12. Nxe4 Nxe4 13. Nf3 Nd7 14. Qc2 Nef6 15. Rfd1 Rc8 16. Ne5 Qc7 17. Nxd7 Qxd7 18. Bf3 Rfd8 19. a3 a5 20. Qa4 Ra8 21. Rac1 Rdc8 22. d5 exd5 23. cxd5 b5 24. dxc6 bxa4 25. cxd7 Rxc1 26. Bxc1 Rd8 27. Bc6 Bc5 28. Bf4 Bb6 29. Bxa4 Ne4 30. Be3 Bc7 31. Rc1 Be5 32. Bb6 Rf8 33. Rc8 Bf6 34. d8=Q Bxd8 35. Rxd8 Rxd8 36. Bxd8 Nc5 37. Bc2 a4 38. Be7 Nd7 39. Bxa4 Nb6 40. Bc6 Nc4 41. b3 Ne5 42. Bd5 Nd7 43. a4 Nb6 44. Bc6 f6 45. a5 Nc8 46. Bd5+ Kh8 47. Bc5 g6 48. Bb7 Ne7 49. a6 Nf5 50. a7 Kg7 51. a8=Q Kh6 52. g4 Nh4 53. Be3+ g5 54. Qf8+ Kg6 55. Be4+ f5 56. Bxf5+ Nxf5 57. Qxf5+ Kg7 58. Bd4+ Kg8 59. Qf6 h5 60. Qg7# 0-1

[Event "Gibraltar Challengers B 2020"]
[Site "Caleta"]
[Date "2020.01.29"]
[Round "5.42"]
[White "Erdogan, Hassan"]
[Black "Johnsen, Sylvia"]
[Result "1/2-1/2"]
[ECO "D00"]
[WhiteElo "1830"]
[BlackElo "1902"]
[Annotator "NA RC"]
[PlyCount "70"]
[EventDate "2020.01.20"]
[EventType "swiss"]
[EventCountry "GGB"]
[SourceTitle "playchess.com"]
[Source "ChessBase"]
[SourceQuality "1"]
[TimeControl "6600+10"]

1. d4 d5 2. Bf4 Nf6 3. e3 Bf5 4. Bd3 Bg6 (4... Bxd3 5. Qxd3 e6 6. Nf3 c5 7. dxc5 Na6 8. c6 Qa5+ 9. Nbd2 bxc6 10. O-O Nc5 11. Qe2 Qb6 12. Nb3 Be7 13. Nxc5 Bxc5 14. c4 {1-0 (50) Zhao,J (2634)-Wei,Y (2700) China 2016}) 5. h3 e6 6. Nf3 {[%emt 0:00:22] D00: 1 d4 d5: Unusual lines} Bd6 7. Ne5 O-O 8. O-O Nc6 $146 ({Predecessor:} 8... c5 9. c3 Nc6 10. Nxg6 hxg6 11. Bxd6 Qxd6 12. f4 Rab8 13. Nd2 b5 {½-½ (43) Byfield,G (2027)-Lorne,M (2103) Kingston 2015}) 9. c3 Nd7 10. Nxg6 fxg6 11. Bxd6 cxd6 12. Nd2 Kh8 13. e4 Nf6 14. Qe2 e5 15. dxe5 Nxe5 16. Bc2 Qb6 (16... Nh5 $5 17. Qe3 (17. exd5 Nf4 $11 {[%mdl 64] Double Attack}) 17... Nf4 $11) 17. Nb3 Rae8 $1 ({Much worse is} 17... Nxe4 18. Bxe4 dxe4 19. Qxe4 $11) 18. exd5 Nxd5 19. Qd2 (19. Rfe1 $15) 19... Nf4 20. Nd4 Qxb2 21. Rab1 (21. Rfb1 $17 {is a better defense.} Qa3 22. Re1) 21... Qxa2 22. g3 Ne6 23. f4 Nc4 24. Qc1 Nxd4 25. cxd4 Ne3 26. Rf2 Qd5 27. Ba4 Re4 28. Qc7 $2 (28. Qc3 {might work better.}) 28... Qxd4 29. Rxb7 $19 Qa1+ 30. Kh2 Rxa4 31. Rfb2 Nf1+ 32. Kg2 Ne3+ 33. Kh2 Nf1+ 34. Kg2 Ne3+ 35. Kh2 Nf1+ 1/2-1/2